 Dungeon Crawl Stone Soup version 0.32-a0-22-g6ae6769602 (webtiles) character file.

Game seed: 3433068981842946281

21 IdlyInterested the Cutter (level 2, -2/22 HPs)
             Began as a Demonspawn Gladiator on Jan 18, 2024.
             Slain by a scorpion (7 damage)
             ... on level 2 of the Dungeon.
             The game lasted 00:02:43 (966 turns).

IdlyInterested the Cutter (Demonspawn Gladiator)     Turns: 966, Time: 00:02:43

Health: -2/22      AC:  3    Str: 14    XL:     2   Next: 62%
Magic:  2/2        EV: 12    Int:  8    God:
Gold:   33         SH:  0    Dex: 14    Spells: 1/1 levels left

rFire   + . .        i - +0 whip (freeze)
rCold   + . .        (no shield)
rNeg    . . .        b - +0 leather armour
rPois   +            (helmet restricted)
rElec   +            q - scarf {+Inv}
rCorr   +            (no gloves)
SInv    .            (no boots)
Will    .....        (no amulet)
Stlth   +            (no ring)
HPRegen 0.23/turn    (no ring)
MPRegen 0.08/turn

%: no passive effects
@: mighty, brilliant, resistant
A: antennae 1
a: Evoke Invisibility


You were on level 2 of the Dungeon.
You visited 1 branch of the dungeon, and saw 2 of its levels.

You collected 33 gold pieces.

Inventory:

Hand Weapons
 a - a +0 rapier
 i - a +0 whip of freezing (weapon)
Missiles
 d - 3 throwing nets
 j - 21 stones (quivered)
 o - 6 poisoned darts
Armour
 b - a +0 leather armour (worn)
 c - a +0 helmet
 q - a scarf of invisibility (worn)
Scrolls
 f - 3 scrolls of teleportation {unknown}
 h - a scroll of noise {unknown}
 k - a scroll of enchant weapon {unknown}
 n - a scroll of poison {unknown}
 p - a scroll of identify {unknown}


   Skills:
 - Level 2.0 Fighting
 * Level 3.3 Short Blades
 - Level 1.7 Throwing
 + Level 0.1 Armour
 - Level 2.6 Dodging
 - Level 1.0 Unarmed Combat


You had one spell level left.
You didn't know any spells.
Your spell library was empty.

Dungeon Overview and Level Annotations

Branches:
Dungeon (2/15)

Altars:

Shops:
D:1 (


Innate Abilities, Weirdness & Mutations

You have a pair of small antennae on your head.


Message History

You barely miss the quokka.
The goblin shoots a sling bullet.
The sling bullet hits you but does no damage.
The quokka bites you.
The goblin shoots a sling bullet.
The sling bullet hits you but does no damage.
You hit the quokka. You freeze the quokka.
You kill the quokka!
A scorpion comes into view.
You closely miss the goblin. The kobold misses you.
A ribbon worm comes into view.
The goblin unwields a +0 sling.
The goblin wields a +0 dagger.
The goblin hits you with a +0 dagger. The kobold attacks as it pursues you!
The kobold hits you with a +0 club.
An adder comes into view.
The goblin closely misses you. The goblin hits you but does no damage.
It was a potion of brilliance.
You feel clever all of a sudden. The kobold hits you but does no damage.
The goblin hits you with a +0 dagger.
It was a potion of might.
You feel very mighty all of a sudden. The kobold hits you with a +0 club.
The goblin hits you but does no damage.
Throw: javelin
Press: ? - help, Shift-Dir - straight line, f - kobold
Aim: a kobold, wielding a +0 club (47% to hit)
You throw a javelin. The javelin misses the kobold.
The javelin pierces through the scorpion but does no damage.
The kobold misses you. The goblin hits you with a +0 dagger.
* * * LOW HITPOINT WARNING * * *
You whack the kobold! You freeze the kobold.
You kill the kobold!
The goblin hits you but does no damage.
You closely miss the adder. The adder barely misses you.
The goblin hits you but does no damage. The adder closely misses you.
You closely miss the adder. The adder bites you but does no damage.
It was a potion of resistance.
You feel protected. The adder closely misses you.
The scorpion closely misses you.
You closely miss the adder. The adder barely misses you.
The scorpion stings you!
You die...

. ########
....#(..gS@#
.........s.#
........†..#
.....>.....#
)....#######
..... ..w.
... ...


You could see a scorpion, an adder and a goblin.

Vanquished Creatures
  4 ball pythons (D:1)
  A bat (D:1)
  2 endoplasms (D:1)
  A goblin (D:1)
  A hobgoblin (D:1)
  3 quokkas
  2 frilled lizards (D:1)
  4 kobolds
  A rat (D:1)
19 creatures vanquished.

Notes
Turn   | Place    | Note
-------+----------+-------------------------------------------
     0 | D:1      | IdlyInterested the Demonspawn Gladiator began the quest for
                  | the Orb.
     0 | D:1      | Reached XP level 1. HP: 16/16 MP: 1/1
   266 | D:1      | Reached skill level 3 in Short Blades
   312 | D:1      | Discovered your monstrous ancestry.
   312 | D:1      | Gained mutation: You have a pair of small antennae on your
                  | head. [demonic ancestry]
   312 | D:1      | Reached XP level 2. HP: 22/22 MP: 2/2
   520 | D:1      | Found Atemn's Antique Weapon Emporium.
   546 | D:1      | Reached skill level 1 in Unarmed Combat
   955 | D:2      | Noticed a scorpion
   966 | D:2      | Slain by a scorpion

Illustrated notes

Levels and vault maps discovered:
D:1:      wheals_arrival_linesprint, layout_loops_ring, serial_shops, shop,
          minmay_misc_feat_enclosed, minmay_pentomino_t4
D:2:      layout_rooms, roderic_roman_lattice, guppyfry_early_orc_mine

Skill      XL: |  1  2 |
---------------+-------+-----
Short Blades   | 3 |  3.3
Unarmed Combat | 1 |  1.0
Fighting       | |  2.0
Throwing       | |  1.7
Armour         | |  0.1
Dodging        | |  2.6

Action                     || total
---------------------------++-------
  Melee: Whip              ||    68
  Throw: Javelin           ||     1
    Use: Potion            ||     3
 Armour: Leather armour    ||    46
  Dodge: Dodged            ||    47

Table legend: (Time is in decaauts)
 A = Elapsed time spent in this place.
 B = Non-inter-level travel time spent in this place.
 C = Inter-level travel time spent in this place.
 D = Time resting spent in this place.
 E = Time spent auto-exploring this place.
 F = Levels seen in this place.
 G = Mean time per level.
                   A        B        C        D        E       F      G
               +--------+--------+--------+--------+--------+-----+--------+
         Total |    972 |    891 |     81 |    114 |    594 |   2 |  486.0 |
       Dungeon |    972 |    891 |     81 |    114 |    594 |   2 |  486.0 |
               +--------+--------+--------+--------+--------+-----+--------+

Top non-repeatable levels by time:
     D:1: 956 daAuts
     D:2: 15 daAuts
